 Dungeon Crawl Stone Soup version 0.20.1-1-g8b1a95d (webtiles) character file.

4596 zaRGo the Cleaver (level 10, -5/91 HPs)
             Began as a Minotaur Berserker on Nov 12, 2017.
             Was an Elder of Trog.
             Killed from afar by an electric eel (10 damage)
             ... with a bolt of electricity
             ... on level 8 of the Dungeon.
             The game lasted 01:23:23 (10909 turns).

zaRGo the Cleaver (Minotaur Berserker)             Turns: 10909, Time: 01:23:24

Health: -5/91      AC: 11    Str: 31    XL:     10   Next: 19%
Magic:  9/9        EV: 10    Int:  5    God:    Trog [****..]
Gold:   368        SH:  0    Dex: 12    Spells: 9/9 levels left

rFire    . . .     SeeInvis .   F - +0 war axe
rCold    . . .     Gourm    +   (no shield)
rNeg     . . .     Faith    .   z - +0 chain mail {rPois}
rPois    +         Spirit   .   (helmet restricted)
rElec    .         Reflect  .   (no cloak)
rCorr    .         Harm     .   (no gloves)
MR       .....                  (no boots)
Stlth    ..........             C - amulet of the gourmand
Regen    0.3/turn               A - +4 ring of strength
MPRegen  0.2/turn               (no ring)

@: mighty, about to teleport, berserk cooldown, slowed, very slow
A: retaliatory headbutt, horns 2
a: Berserk, Trog's Hand, Brothers in Arms, Burn Spellbooks, Renounce Religion


You were on level 8 of the Dungeon.
You worshipped Trog.
Trog was greatly pleased with you.
You were very full.

You visited 2 branches of the dungeon, and saw 9 of its levels.

You collected 368 gold pieces.

Inventory:

Hand Weapons
 a - a +0 morningstar
 F - a +0 war axe (weapon)
Missiles
 p - 17 poisoned needles (quivered)
Armour
 z - a +0 chain mail of poison resistance (worn)
Jewellery
 A - a +4 ring of strength (left hand)
 C - an amulet of the gourmand (around neck)
 E - an uncursed ring of ice
Wands
 q - a wand of random effects (18/48)
 v - a wand of disintegration (24/24)
 G - a wand of lightning (5/15)
 J - a wand of clouds (5/9)
Scrolls
 b - 2 scrolls of blinking {unknown}
 d - 2 scrolls of random uselessness {unknown}
 e - 2 scrolls of magic mapping {unknown}
 f - 3 scrolls of teleportation
 m - 4 scrolls of remove curse
 w - 3 scrolls of immolation {unknown}
 B - a scroll of enchant armour {unknown}
 D - a scroll of enchant weapon {unknown}
 H - a scroll of fear {unknown}
Potions
 h - a potion of might
 j - 2 potions of flight
 k - 3 potions of agility
 o - a potion of resistance {unknown}
 r - a potion of lignification {unknown}
 s - 2 potions of curing
 t - a potion of haste
Books
 y - a book of Conjurations

   Spells                             Type                      Level
   a - Magic Dart                     Conjuration                  1
   b - Searing Ray                    Conjuration                  2
   c - Dazzling Spray                 Conjuration/Hexes            3
   d - Fulminant Prism                Conjuration/Hexes            4
   e - Force Lance                    Conjuration/Translocation    4
   f - Iskenderun's Mystic Blast      Conjuration                  4
   Trog disapproves of the use of such an item.
Comestibles
 c - 6 bread rations
 g - 6 chunks of flesh
 l - 4 meat rations
 x - 2 royal jellies


   Skills:
 + Level 9.5 Fighting
 * Level 12.7 Axes
 + Level 9.2 Armour
 - Level 3.0 Dodging


You had 9 spell levels left.
You didn't know any spells.

Dungeon Overview and Level Annotations

Branches:
Dungeon (8/15)             Temple (1/1) D:7
   Lair: D:8-11

Altars:
Ashenzari
Cheibriados
Dithmenos
Elyvilon
Fedhas
Gozag
Hepliaklqana
Kikubaaqudgha
Makhleb
Nemelex Xobeh
Okawaru
Qazlal
Ru
Sif Muna
Trog
Uskayaw
Vehumet
Xom
Yredelemnul
Zin
The Shining One

Annotations:
D:3 exclusion: oklob plant


Innate Abilities, Weirdness & Mutations

You reflexively headbutt those who attack you in melee.
You have a pair of horns on your head.


Message History

* * * LOW HITPOINT WARNING * * *
The electric eel shoots out a bolt of lightning at you!
The bolt of electricity hits you!
* * * LOW HITPOINT WARNING * * *
Found 14 gold pieces.
As you read the scroll of teleportation, it crumbles to dust.
You feel strangely unstable.
Your skin stops crawling.
You feel less resistant to hostile enchantments.
The electric eel shoots out a bolt of lightning at you!
The bolt of electricity hits you!
* * * LOW HITPOINT WARNING * * *
The electric eel shoots out a bolt of lightning at you!
The bolt of electricity hits you!
* * * LOW HITPOINT WARNING * * *
It was a potion of might.
You feel very mighty all of a sudden.
The electric eel shoots out a bolt of lightning at you!
The bolt of electricity hits you!
You die...

$..≈≈≈≈≈†..## #≈≈≈.
P...≈≈≈≈†...+# #≈≈≈≈.
.P.P...P.P.≈≈≈;≈....###.≈≈≈≈.
.P...P.P.P.≈≈≈≈≈........≈≈≈≈.
.P.P...P.P.≈≈≈≈≈........≈≈≈≈.
.P...P.P.P.≈≈≈≈≈........≈≈≈≈.
.....P...P..≈≈≈≈≈.......≈≈≈≈.
.............................
..............@..............
............≈≈≈≈≈≈......≈≈≈≈.
.............≈≈≈≈≈.....≈≈≈≈≈.
.....#'''#...≈≈≈≈≈≈....≈≈≈≈≈≈
....##...##...≈≈≈≈≈≈...≈≈≈≈≈≈
...##.....##..≈≈≈≈≈≈≈..≈≈≈≈≈≈
.. #..)<...#..≈≈≈≈≈≈≈≈≈≈≈≈≈≈
♣ #..)....#..≈≈≈≈≈≈≈≈≈≈≈≈≈
#..<.<..#..≈♣≈≈≈≈≈


You could see an electric eel.

Vanquished Creatures
  2 rust devils (D:6)
  The ghost of Linguinho the Shield-Bearer, an amateur DsFi (D:3)
  Prince Ribbit (D:8)
  A spriggan (D:6)
  A hog (D:7)
  2 ice beasts
  A necrophage (D:5)
  2 orc warriors (D:5)
  A black bear (D:7)
  2 phantoms
  4 ogres
  3 centaurs
  A big kobold (D:7)
  8 bullfrogs
  A gnoll sergeant (D:5)
  A scorpion (D:6)
  A howler monkey (D:5)
  2 electric eels (D:8)
  2 crimson imps
  2 hounds
  A jelly (D:6)
  5 orc priests
  A centaur zombie (D:6)
  14 orc wizards
  A bullfrog skeleton (D:4)
  Jessica (D:3)
  An iguana (D:4)
  A worker ant (D:6)
  A hound skeleton (D:4)
  2 worker ant zombies
  6 gnolls
  4 adders
  2 shadow imps (D:6)
  3 oozes
  An adder zombie (D:7)
  An adder skeleton (D:5)
  A worm (D:2)
  6 dart slugs
  4 leopard geckos
  30 orcs
  A giant cockroach (D:4)
  5 goblins
  6 hobgoblins
  8 jackals
  13 kobolds
  3 quokkas
  3 ball pythons
  9 bats
  7 frilled lizards
  12 rats
  2 fungi (D:3)
194 creatures vanquished.

Vanquished Creatures (others)
  2 worker ants (D:5)
2 creatures vanquished.

Grand Total: 196 creatures vanquished

Notes
Turn   | Place    | Note
-------+----------+-------------------------------------------
     0 | D:1      | zaRGo the Minotaur Berserker began the quest for the Orb.
     0 | D:1      | Reached XP level 1. HP: 19/19 MP: 0/0
   488 | D:1      | Reached XP level 2. HP: 27/27 MP: 1/1
   878 | D:1      | Reached XP level 3. HP: 33/33 MP: 2/2
   946 | D:1      | Reached skill level 4 in Axes
  1321 | D:1      | Reached ** piety under Trog
  2184 | D:2      | Reached XP level 4. HP: 39/40 MP: 3/3
  2559 | D:3      | Found a basalt altar of Yredelemnul.
  2561 | D:3      | Noticed a profane servitor
  2575 | D:3      | Found a glowing golden altar of the Shining One.
  2577 | D:3      | Noticed an angel
  2735 | D:3      | Noticed Linguinho's ghost (amateur DsFi)
  2745 | D:3      | Killed Linguinho's ghost
  2745 | D:3      | Reached skill level 5 in Fighting
  2745 | D:3      | Reached skill level 6 in Axes
  2745 | D:3      | Reached XP level 5. HP: 26/48 MP: 4/4
  2745 | D:3      | Reached XP level 6. HP: 31/56 MP: 5/5
  2937 | D:3      | Found a hazy altar of Hepliaklqana.
  3024 | D:3      | Noticed Jessica
  3031 | D:3      | Killed Jessica
  3075 | D:3      | Found a glowing silver altar of Zin.
  3252 | D:3      | Found a blossoming altar of Fedhas.
  3271 | D:3      | Noticed an oklob plant
  3421 | D:3      | Reached *** piety under Trog
  3909 | D:4      | Reached skill level 7 in Axes
  4014 | D:4      | Reached XP level 7. HP: 55/62 MP: 6/6
  4350 | D:4      | Reached skill level 5 in Armour
  4817 | D:4      | Reached skill level 8 in Axes
  5254 | D:4      | Reached **** piety under Trog
  5280 | D:5      | Entered Level 5 of the Dungeon
  5484 | D:5      | Reached XP level 8. HP: 71/71 MP: 7/7
  5605 | D:5      | Found a sparkling altar of Nemelex Xobeh.
  6292 | D:5      | Found a bloodstained altar of Trog.
  6292 | D:5      | Found a shimmering altar of Xom.
  6298 | D:5      | Found a hide-covered altar of Uskayaw.
  6347 | D:4      | Reached skill level 9 in Axes
  6547 | D:5      | Found a deep blue altar of Sif Muna.
  6555 | D:5      | Found an iron altar of Okawaru.
  6654 | D:6      | Found a white marble altar of Elyvilon.
  7181 | D:5      | Reached skill level 10 in Axes
  7351 | D:6      | Found a shimmering altar of Xom.
  7352 | D:6      | Found a shimmering altar of Xom.
  7355 | D:6      | Found a shimmering altar of Xom.
  7355 | D:6      | Found a shimmering altar of Xom.
  7355 | D:6      | Found a shimmering altar of Xom.
  7854 | D:6      | Found a shimmering altar of Xom.
  7858 | D:6      | Found a shimmering altar of Xom.
  7919 | D:5      | Noticed a rust devil
  7919 | D:5      | Noticed a rust devil
  8013 | D:6      | Killed a rust devil
  8013 | D:6      | Reached XP level 9. HP: 61/81 MP: 8/8
  8391 | D:5      | Reached skill level 11 in Axes
  8779 | D:6      | Killed a rust devil
  9454 | D:7      | Found a staircase to the Ecumenical Temple.
  9478 | Temple   | Entered the Ecumenical Temple
  9638 | D:7      | Found a stormy altar of Qazlal.
  9879 | D:7      | Reached skill level 12 in Axes
 10686 | D:8      | Noticed Prince Ribbit
 10705 | D:7      | Reached XP level 10. HP: 86/91 MP: 9/9
 10815 | D:8      | Killed Prince Ribbit
 10908 | D:8      | HP: 4/91 [electric eel/bolt of electricity (12)]
 10909 | D:8      | Killed from afar by an electric eel

Skill      XL: |  1  2  3  4  5  6  7  8  9 10 |
---------------+-------------------------------+-----
Fighting       | 4 5 6 8 9 |  9.5
Axes           | 4 6 7 8 10 12 | 12.7
Dodging        | 3 |  3.0
Armour         | 3 4 5 7 8 9 |  9.2

Action                   |  1- 3 |  4- 6 |  7- 9 | 10-12 || total
-------------------------+-------+-------+-------+-------++-------
Melee: Hand axe          |   142 |   142 |   225 |       ||   509
       Headbutt          |    43 |    31 |    68 |     1 ||   143
       War axe           |       |       |    77 |    22 ||    99
Invok: Berserk           |     2 |     1 |    10 |     3 ||    16
       Trog's Hand       |       |     1 |     2 |     1 ||     4
  Use: Scroll            |       |       |    11 |     1 ||    12
       Potion            |       |       |     2 |     1 ||     3
 Stab: Distracted        |     1 |       |       |       ||     1
  Eat: Chunk             |     6 |     7 |    22 |     8 ||    43
       Bread ration      |       |       |     3 |       ||     3
       Royal jelly       |       |       |     2 |       ||     2
Armor: Animal skin       |     6 |       |       |       ||     6
       Leather armour    |     3 |     3 |       |       ||     6
       Ring mail         |       |    42 |    51 |       ||    93
       Chain mail        |       |       |    43 |    19 ||    62
Dodge: Dodged            |    55 |    57 |   133 |    20 ||   265
